 Dungeon Crawl Stone Soup version 0.29-a0-542-g075992c915 (webtiles) character file.

Game seed: 9786631845095372071

1 oldriver the Sneak (level 1, -1/19 HPs)
             Began as a Palentonga Delver on June 4, 2022.
             Slain by a scorpion (6 damage)
             ... on level 4 of the Dungeon.
             The game lasted 00:00:31 (60 turns).

oldriver the Sneak (Palentonga Delver)                Turns: 60, Time: 00:00:32

Health: -1/19      AC:  4    Str: 15    XL:     1   Next: 16%
Magic:  1/1        EV:  9    Int: 10    God:
Gold:   0          SH:  0    Dex: 11    Spells: 0/0 levels left

rFire   . . .      SeeInvis +   a - +0 hand axe
rCold   . . .      Faith    .   (no shield)
rNeg    . . .      Spirit   .   b - +0 leather armour
rPois   .          Reflect  .   (no helmet)
rElec   .          Harm     .   (no cloak)
rCorr   .          Rampage  .   (no gloves)
Will    .....                   (no barding)
Stlth   ++........              (no amulet)
HPRegen 0.06/turn               (no ring)
MPRegen 0.07/turn               (no ring)

@: lethally poisoned (-1 -> -7)
A: large, rugged brown scales 3, see invisible, deformed body, roll 1, armoured
tail
a: Rolling Charge


You were on level 4 of the Dungeon.
You visited 1 branch of the dungeon, and saw 3 of its levels.

Inventory:

Hand Weapons
 a - a +0 hand axe (weapon)
Armour
 b - a +0 leather armour (worn)
Wands
 g - a wand of digging (2)
Scrolls
 c - a scroll of noise {unknown}
 d - a scroll of magic mapping
Potions
 f - a potion of haste


   Skills:
 + Level 3.0 Fighting
 * Level 2.0 Axes
 - Level 1.5 Dodging
 - Level 3.3 Stealth


You couldn't memorise any spells.
You didn't know any spells.
Your spell library was empty.

Dungeon Overview and Level Annotations

Branches:
Dungeon (6/15)
 Temple: D:4-7

Altars:


Innate Abilities, Weirdness & Mutations

You are completely covered in rugged brown scales. (AC +3, +7% HP)
You have supernaturally acute eyesight. (SInv)
Armour fits poorly on your strangely shaped body.
You can roll at nearby foes to attack.
You have a long armoured tail.


Message History

The quokka looks frightened!
Aiming: Dig
Press: ? - help, Shift-Dir - straight line A rock wall.
The rock shatters into small pieces.
Found 6 gold pieces.
Found a stone staircase leading up.
There is a stone staircase leading up here.
You climb upwards.
You hear the sound of rushing water.
There is an entrance to a sewer on this level.
Hurry and find it before the portal rusts away!
Found a scroll labelled PIESTR RINYLASU.
There is a stone staircase leading down here.
c - a scroll labelled PIESTR RINYLASU A scorpion comes into view.
A kobold comes into view. It is wielding a +0 short sword.
Found 3 gold pieces and a leather armour.
You hit the scorpion.
The scorpion is lightly wounded.
The scorpion stings you but does no damage.
The scorpion barely misses you.
You barely miss the scorpion.
The scorpion is lightly wounded.
The kobold shouts!
The scorpion stings you.
You are poisoned.
The scorpion poisons you!
You closely miss the scorpion.
The scorpion is lightly wounded.
You feel very sick. The scorpion closely misses you. The scorpion stings you.
You hit the scorpion but do no damage.
The scorpion is lightly wounded.
You feel very sick. The scorpion misses you.
You barely miss the scorpion.
The scorpion is lightly wounded.
* * * LOW HITPOINT WARNING * * *
You feel sick. The scorpion closely misses you. The scorpion stings you.
You die...

#......#
#......#
#......##
#>......## #
####..#..###.#
#...#....[##
#.#.#.......
##.#.#....$..
#....@s......
#............
#.........#..
##..K#.#.....
#...#.......
#...#....#..
.........# .
##... ...#


You could see a scorpion and a kobold.

Vanquished Creatures
  A quokka (D:5)
1 creature vanquished.

Notes
Turn   | Place    | Note
-------+----------+-------------------------------------------
     0 | D:5      | oldriver the Palentonga Delver began the quest for the Orb.
     0 | D:5      | Reached XP level 1. HP: 19/19 MP: 1/1
     9 | D:5      | Noticed a black bear
    23 | D:5      | Noticed a centaur
    30 | D:5      | Noticed a scorpion
    54 | D:4      | Noticed a scorpion
    60 | D:4      | Slain by a scorpion

Illustrated notes

Levels and vault maps discovered:
D:4:      layout_rooms, mainiacjoe_overflow_concentric_impassable,
          temple_doors_e, portal_sewer_entry_f
D:5:      minmay_clustersquares, layout_loops_cross, cheibriados_altar_1,
          serial_shops, nicolae_stop_n_shop_1, serial_glass, glass_columns_a,
          glass_columns_a, glass_columns_a, glass_columns_b, roderic_lattice_a,
          st_stairs_13, grunt_ministairs_10, kb_lookout_dungeons_type
D:6:      layout_loops_corners, kennysheep_crisscross

Action                   || total
-------------------------++-------
Melee: Hand axe          ||     6
       Tailslap          ||     1
 Abil: Rolling Charge    ||     1
Evoke: Wand              ||     1
  Use: Scroll            ||     2
Armor: Leather armour    ||     1
Dodge: Dodged            ||     5

Table legend: (Time is in decaauts)
 A = Elapsed time spent in this place.
 B = Non-inter-level travel time spent in this place.
 C = Inter-level travel time spent in this place.
 D = Time resting spent in this place.
 E = Time spent auto-exploring this place.
 F = Levels seen in this place.
 G = Mean time per level.
                   A        B        C        D        E       F      G
               +--------+--------+--------+--------+--------+-----+--------+
         Total |     60 |     60 |      0 |      0 |      9 |   3 |   20.0 |
       Dungeon |     60 |     60 |      0 |      0 |      9 |   3 |   20.0 |
               +--------+--------+--------+--------+--------+-----+--------+

Top non-repeatable levels by time:
     D:5: 41 daAuts
     D:4: 14 daAuts
     D:6: 3 daAuts
